 Dungeon Crawl Stone Soup version 0.30.0 (webtiles) character file.

Game seed: 10679278633634363857

45 BraveNewWorl the Covered (level 3, 0/29 HPs)
             Began as a Human Fighter on Dec 21, 2023.
             Slain by an iguana (6 damage)
             ... on level 4 of the Dungeon.
             The game lasted 00:02:02 (990 turns).

BraveNewWorl the Covered (Human Fighter)             Turns: 990, Time: 00:02:02

Health: 0/29       AC:  6    Str: 18    XL:     3   Next: 90%
Magic:  3/3        EV:  9    Int:  8    God:
Gold:   112        SH:  4    Dex: 12    Spells: 2/2 levels left

rFire   . . .        a - +0 flail
rCold   . . .        c - +0 buckler
rNeg    . . .        b - +0 scale mail
rPois   .            (no helmet)
rElec   .            (no cloak)
rCorr   .            (no gloves)
SInv    .            (no boots)
Will    .....        (no amulet) Stlth
                     (no ring)
HPRegen 0.24/turn    (no ring)
MPRegen 0.08/turn

%: no passive effects
@: no status effects
A: no striking features
a: no special abilities


You were on level 4 of the Dungeon.
You visited 1 branch of the dungeon, and saw 3 of its levels.

You collected 112 gold pieces.

Inventory:

Hand Weapons
 a - a +0 flail (weapon)
Armour
 b - a +0 scale mail (worn)
 c - a +0 buckler (worn)
Jewellery
 k - a ring of see invisible
 p - a ring of willpower
Scrolls
 f - a scroll of enchant armour {unknown}
 h - 2 scrolls of identify {unknown}
 m - a scroll of amnesia {unknown}
 n - a scroll of brand weapon {unknown}
 o - a scroll of noise {unknown}
Potions
 d - 3 potions of might
 e - 2 potions of curing {unknown}
 g - a potion of cancellation {unknown}
 i - a potion of lignification {unknown}
 j - 3 potions of haste {unknown}
 l - 3 potions of heal wounds {unknown}


   Skills:
 + Level 3.3 Fighting
 * Level 2.9 Maces & Flails
 + Level 3.3 Armour
 + Level 3.3 Shields


You had 2 spell levels left.
You didn't know any spells.
Your spell library contained the following spells:

 Spells                   Type           Power      Damage    Failure   Level
 Magic Dart               Conj           0%         1d3       86%         1
 Sandblast                Erth           0%         2d4       86%         1
 Passwall                 Tmut/Erth      0%         N/A       95%         2
 Searing Ray              Conj           0%         2d4       95%         2
 Stone Arrow              Conj/Erth      0%         3d7       99%         3
 Summon Guardian Golem    Hex/Summ       0%         N/A       99%         3
 Vhi's Electric Charge    Tloc/Air       0%         N/A       99%         3
 Animate Armour           Summ/Erth      0%         N/A       100%        4
 Fulminant Prism          Conj/Hex       0%         3d5       100%        4
 Arcjolt                  Conj/Air       0%         1d10      100%        5
 Blade Hands              Tmut           0%         N/A       100%        5
 Iron Shot                Conj/Erth      0%         9d1       100%        6
 Plasma Beam              Fire/Air       0%         2x1d11    100%        6
 Polar Vortex             Ice            0%         N/A       100%        9


Dungeon Overview and Level Annotations

Branches:
Dungeon (2/15)

Altars:


Message History

The iguana is moderately wounded.
The iguana completely misses you.
The iguana bites you but does no damage.
You sock the iguana!
The iguana is heavily wounded.
The iguana barely misses you.
You barely miss the iguana.
The iguana is heavily wounded.
The iguana closely misses you.
You completely miss the iguana.
The iguana is heavily wounded.
The iguana barely misses you. You block the iguana's attack.
You hit the iguana but do no damage.
The iguana is heavily wounded.
The iguana bites you but does no damage.
You barely miss the iguana.
The iguana is heavily wounded.
The iguana bites you.
You barely miss the iguana.
The iguana is heavily wounded.
The iguana bites you.
* * * LOW HITPOINT WARNING * * *
You hit the iguana but do no damage.
The iguana is heavily wounded.
The iguana bites you but does no damage.
The iguana bites you.
* * * LOW HITPOINT WARNING * * *
You barely miss the iguana.
The iguana is heavily wounded.
The iguana bites you but does no damage.
You hit the iguana but do no damage.
The iguana is heavily wounded.
You block the iguana's attack.
You barely miss the iguana.
The iguana is heavily wounded.
You block the iguana's attack. The iguana closely misses you.
You hit the iguana.
The iguana is severely wounded.
The iguana bites you.
You die...

### ..# #.#####
#.#...#
######.#.#.#####
#.........@....#
#[###.##.##l#...#
#...#.......# .#
###.####....#
#....#....#
#.##.#......
####.#.#.###.
#.#.#.. #.#
######.#


You could see an iguana.

Vanquished Creatures
  A dart slug (D:1)
  A ball python (D:1)
  2 endoplasms (D:1)
  2 giant cockroaches (D:1)
  3 goblins
  3 hobgoblins (D:1)
  4 jackals (D:1)
  9 kobolds
  A quokka (D:1)
  4 bats (D:1)
  2 frilled lizards (D:1)
  9 rats
41 creatures vanquished.

Vanquished Creatures (others)
  5 plants (D:1)
5 creatures vanquished.

Grand Total: 46 creatures vanquished

Notes
Turn   | Place    | Note
-------+----------+-------------------------------------------
     0 | D:1      | BraveNewWorl the Human Fighter began the quest for the Orb.
     0 | D:1      | Reached XP level 1. HP: 18/18 MP: 1/1
    74 | D:1      | Reached XP level 2. HP: 24/24 MP: 2/2
   322 | D:1      | Reached XP level 3. HP: 25/29 MP: 3/3
   425 | D:1      | Got Bedwing's Handbook of the Hexing Deep Freeze
   508 | D:1      | Found a faded altar of an unknown god.
   938 | D:2      | You fall into a shaft and drop 2 floors!
   990 | D:4      | Slain by an iguana

Illustrated notes

Levels and vault maps discovered:
D:1:      lightli_arrival_statuegarden, layout_loops_ring,
          shapermc_ecumenical_altar_mp_ritualfount, minivault_26,
          minmay_small_reverse_x
D:2:      minmay_inner_zag, layout_loops_ring, nrook_mini_vaults, uniq_jessica
D:4:      layout_basic, gammafunk_temple_of_torment, lemuel_doored_altar,
          mainiacjoe_overflow_boulevard

Action                     || total
---------------------------++-------
  Melee: Flail             ||   134
 Armour: Scale mail        ||    66
  Dodge: Dodged            ||    67
  Block: Buckler           ||    33
